Map: Para Site LE

Players

zinkisu

  • Race: Zerg Zerg
  • League: Diamond
  • Spawn Location: 11:00

사람 - Winner!

  • Race: Terran Terran
  • League: Diamond
  • Spawn Location: 5:00

VOD

Have the link to the VOD?

Description

Time

  • Played on: Jan. 11, 2019, 11:27 p.m.
  • Length: 6:13
Show
View Real Time Build Order
Export as new Build Order

zinkisu Zerg 

Build Orders: Hatch First 

Get SALT Encoding   

  12  0:02  Drone  
  13  0:13  Drone  
  14  0:16  Overlord  
  14  0:35  Drone x3  
  17  0:55  Hatchery  
  16  1:01  Extractor  
  15  1:08  Spawning Pool  
  14  1:11  Drone  
  14  1:14  Drone  
  16  1:21  Drone  
  17  1:30  Drone  
  18  1:35  Drone  
  19  1:46  Overlord  
  19  1:55  Queen  
  19  1:56  Zergling x2  
  22  2:08  Queen  
  22  2:10  Zergling x2  
  22  2:11  Drone  
  26  2:20  Metabolic Boost  
  26  2:25  Drone x2  
  28  2:38  Drone x3  
  31  2:53  Drone x3  
  34  3:06  Hatchery  
  34  3:10  Drone x3  
  36  3:15  Overlord  
  36  3:19  Extractor  
  35  3:33  Queen  
  37  4:02  Drone  
  38  4:03  Overlord x2  
  38  4:09  Overlord  
  38  4:17  Evolution Chamber  
  38  4:18  Evolution Chamber  
  38  4:23  Evolution Chamber  
  35  4:25  Queen  
  37  4:45  Drone x14  
  51  4:54  Lair  
  51  4:55  Queen  
  53  5:01  Queen  
  55  5:11  Overlord x2  
  55  5:29  Extractor x2  
  53  5:37  Queen  
  55  5:55  Drone x6  
  55  5:56  Drone  
  62  6:04  Spire  
Show
View Real Time Build Order
Export as new Build Order

사람 Terran - Winner!

Build Orders: Hellion Opening, Reaper Expand 

Get SALT Encoding   

  12  0:00  SCV  
  13  0:13  SCV  
  14  0:17  Supply Depot  
  14  0:25  SCV  
  15  0:38  SCV  
  15  0:40  Barracks  
  16  0:46  Refinery  
  16  0:50  SCV  
  17  1:02  SCV  
  18  1:14  SCV  
  19  1:28  Reaper  
  19  1:29  Orbital Command  
  20  1:45  Command Center  
  20  1:51  Supply Depot  
  20  1:55  SCV  
  20  2:00  Marine  
  22  2:07  SCV  
  23  2:12  Factory  
  23  2:20  SCV  
  24  2:23  Barracks Reactor  
  24  2:32  SCV  
  25  2:39  Barracks  
  25  2:41  Barracks  
  25  2:46  SCV  
  26  2:57  Orbital Command  
  26  2:58  SCV  
  27  3:10  SCV, Barracks Tech Lab  
  28  3:14  Hellion x2  
  32  3:20  Supply Depot  
  32  3:23  SCV  
  32  3:24  SCV  
  34  3:30  Barracks Reactor x2  
  34  3:36  Hellion x2  
  38  3:44  SCV x2  
  38  3:46  Supply Depot  
  40  3:52  Stimpack  
  40  3:56  SCV x2  
  40  3:57  Hellion  
  40  3:58  Hellion  
  46  4:07  Marine x4  
  46  4:08  Marauder  
  52  4:12  Supply Depot  
  52  4:14  SCV x2  
  54  4:19  Supply Depot  
  54  4:25  Hellion x2  
  54  4:26  SCV  
  54  4:28  SCV  
  54  4:29  Marine x2  
  62  4:33  Marine x2  
  64  4:44  SCV, Marauder  
  67  4:47  Armory  
  67  4:48  Hellion x2  
  67  4:49  SCV, Supply Depot  
  72  4:55  Marine x3  
  72  4:56  SCV, Marine  
  77  5:01  SCV  
  78  5:11  SCV, Marauder  
  78  5:12  Supply Depot  
  81  5:14  Supply Depot  
  81  5:17  SCV  
  82  5:22  Supply Depot  
  82  5:23  Refinery  
  82  5:24  SCV, Refinery  
  83  5:28  Marine x3  
  83  5:34  SCV, Marine  
  88  5:38  Starport  
  88  5:41  SCV  
  89  5:43  Supply Depot  
  89  5:45  Supply Depot  
  89  5:53  Marine x4  
  100  6:11  Command Center  
Tags
 
Add a new tag
Caveats
  • Supply blocks, unpowered buildings, or Contaminate may cause inaccurate times.
  • Supply counts are checked every 10 seconds.